 Dungeon Sprint DCSS version 0.30.1-9-gdf580d7c3d (webtiles) character file.

Game seed: 7065102265742001404

435 Heoruswealwe the Spear-Bearer (level 6, 0/64 HPs)
             Began as a Minotaur Fighter on Sept 28, 2023.
             Was an Initiate of Gozag.
             Slain by an unseen horror (2 damage)
             ... in the Dungeon (Sprint IX: "|||||||||||||||||||||||||||||").
             The game lasted 00:03:10 (135 turns).

Heoruswealwe the Spear-Bearer (Minotaur Fighter)     Turns: 135, Time: 00:03:10

Health: 0/64       AC: 13    Str: 23    XL:     6   Next: 68%
Magic:  5/5        EV:  8    Int:  5    God:    Gozag
Gold:   0          SH:  0    Dex:  9    Spells: 5/5 levels left

rFire   . . .        b - +2 halberd of Calamity {distort, +Blink}
rCold   . . .        (shield currently unavailable)
rNeg    . . .        c - +1 chain mail
rPois   .            (helmet restricted)
rElec   .            (no cloak)
rCorr   .            f - +0 pair of gloves
SInv    .            (no boots)
Will    .....        (no amulet) Stlth
                     (no ring)
HPRegen 0.30/turn    (no ring)
MPRegen 0.09/turn

%: no teleportation
@: gold aura
A: horns 2, retaliatory headbutt
a: Renounce Religion, Evoke Blink, Potion Petition, Call Merchant, Bribe Branch


You were in the Dungeon.
You worshipped Gozag.
Gozag was noncommittal.
You visited 1 branch

Inventory:

Hand Weapons
 a - a +0 trident
 b - the +2 halberd of Calamity (weapon) {distort, +Blink}
   (You found it in the Dungeon)

   +Blink:    It lets you blink.
Armour
 c - a +1 chain mail (worn)
 d - a +0 buckler
 f - a +0 pair of gloves (worn)
Wands
 h - a wand of acid (10)
Scrolls
 j - 2 scrolls of blinking
Potions
 e - 2 potions of heal wounds
 g - a potion of haste
 i - a potion of berserk rage
 k - a potion of might
 l - 4 potions of curing


   Skills:
 + Level 9.4 Fighting
 * Level 12.3 Polearms
 + Level 9.4 Armour
 - Level 3.6 Shields


You had 5 spell levels left.
You didn't know any spells.
Your spell library was empty.

Dungeon Overview and Level Annotations

Branches:
Dungeon (1/1)

Altars:
Cheibriados
Dithmenos
Elyvilon
Fedhas
Gozag
Hepliaklqana
Kikubaaqudgha
Makhleb
Nemelex Xobeh
Okawaru
Qazlal
Ru
Sif Muna
Trog
Uskayaw
Vehumet
Wu Jian
Xom
Yredelemnul
Zin
The Shining One
Jiyva
Lugonu


Innate Abilities, Weirdness & Mutations

You have a pair of horns on your head.
You reflexively headbutt those who attack you in melee.


Message History

You hit something.
Space warps horribly around something.
Your headbutt misses something.
Something hits you but does no damage. x2
You slash something! You headbutt something!
The wyvern bites you but does no damage.
You hit the wyvern but do no damage.
Space warps horribly around the wyvern!!
Your headbutt misses the wyvern.
The wyvern is almost dead.
Something hits you.
* * * LOW HITPOINT WARNING * * *
The wyvern bites you but does no damage.
The orc priest miscasts a cantrip.
You hit the wyvern.
You kill the wyvern!
Something hits you but does no damage.
Your Fighting skill increases to level 9!
Your Polearms skill gained 2 levels and is now at level 12!
Your Armour skill increases to level 9!
Reach: b) +2 halberd of Calamity {distort, +Blink}
Press: ? - help, Dir - move target, f - orc priest
Aim: an orc priest, wielding a +0 short sword and wearing a +0 ring mail (about 34% to evade the +2 halberd of Calamity)
You reach to attack!
You barely miss the orc priest. Something hits you but does no damage.
Something hits you.
* * * LOW HITPOINT WARNING * * *
You impale the orc priest!!
You kill the orc priest!
Something completely misses you. Something hits you.
* * * LOW HITPOINT WARNING * * *
The vampire mosquito bites you.
* * * LOW HITPOINT WARNING * * *
The vampire mosquito draws strength from your injuries!
You completely miss the vampire mosquito.
Something hits you.
* * * LOW HITPOINT WARNING * * *
The vampire mosquito bites you.
* * * LOW HITPOINT WARNING * * *
The vampire mosquito draws strength from your injuries!
Something hits you.
You die...
Your body crumbles into a pile of gold.

▓'▓
$
▓!▓
$
▓?▓
$
▓)▓
$
▓.▓
$
▓[▓
▓=▓
$
▓{▓
▓@▓
$
▓.▓
▓y▓
$
▓l▓
▓.▓
$
▓.▓
$
▓.▓
$ $
▓.▓
$
▓.▓
$


You could see a wyvern and a vampire mosquito.

Vanquished Creatures
  A yak (D)
  A wyvern (D)
  A jelly (D)
  A hound (D)
  2 orc priests (D)
  An iguana (D)
  An adder (D)
  A ball python (D)
  A frilled lizard (D)
  3 kobolds (D)
13 creatures vanquished.

Notes
Turn   | Place    | Note
-------+----------+-------------------------------------------
     0 | D        | Heoruswealwe the Minotaur Fighter began the quest for the
                  | Orb.
     0 | D        | Reached XP level 1. HP: 19/19 MP: 0/0
     7 | D        | Reached skill level 3 in Polearms
    18 | D        | Noticed an iguana
    18 | D        | Noticed an orc priest
    18 | D        | Noticed a jelly
    18 | D        | Noticed a hound
    24 | D        | Reached skill level 4 in Polearms
    24 | D        | Reached XP level 2. HP: 20/28 MP: 1/1
    26 | D        | HP: 1/28 [iguana (12)]
    30 | D        | Reached skill level 5 in Fighting
    30 | D        | Reached skill level 6 in Polearms
    30 | D        | Reached skill level 5 in Armour
    30 | D        | Reached XP level 3. HP: 28/36 MP: 2/2
    32 | D        | Reached skill level 7 in Polearms
    34 | D        | Reached XP level 4. HP: 33/45 MP: 3/3
    35 | D        | Reached skill level 8 in Polearms
    41 | D        | Found a snail-covered altar of Cheibriados.
    41 | D        | Found a shadowy altar of Dithmenos.
    41 | D        | Found a white marble altar of Elyvilon.
    41 | D        | Found a blossoming altar of Fedhas.
    41 | D        | Found an opulent altar of Gozag.
    42 | D        | Found a hazy altar of Hepliaklqana.
    43 | D        | Found a viscous altar of Jiyva.
    44 | D        | Found an ancient bone altar of Kikubaaqudgha.
    45 | D        | Found a corrupted altar of Lugonu.
    46 | D        | Found a burning altar of Makhleb.
    47 | D        | Found a sparkling altar of Nemelex Xobeh.
    48 | D        | Found an iron altar of Okawaru.
    49 | D        | Became a worshipper of Gozag Ym Sagoz the Greedy
    50 | D        | Found a stormy altar of Qazlal.
    51 | D        | Found a sacrificial altar of Ru.
    52 | D        | Found a shimmering blue altar of Sif Muna.
    53 | D        | Found a bloodstained altar of Trog.
    54 | D        | Found a hide-covered altar of Uskayaw.
    55 | D        | Found a radiant altar of Vehumet.
    56 | D        | Found an ornate altar of the Wu Jian Council.
    57 | D        | Found a shimmering altar of Xom.
    58 | D        | Found a basalt altar of Yredelemnul.
    59 | D        | Found a glowing silver altar of Zin.
    60 | D        | Found a glowing golden altar of the Shining One.
    76 | D        | Got the +2 halberd of Calamity {distort, +Blink}
   121 | D        | Noticed a yak
   121 | D        | Noticed a wyvern
   121 | D        | Noticed a vampire mosquito
   121 | D        | Noticed a wyvern
   126 | D        | Killed a yak
   127 | D        | Reached skill level 10 in Polearms
   127 | D        | Reached XP level 5. HP: 25/55 MP: 4/4
   127 | D        | Reached XP level 6. HP: 28/62 MP: 5/5
   131 | D        | Killed a wyvern
   132 | D        | Reached skill level 12 in Polearms
   133 | D        | HP: 3/63 [vampire mosquito (6)]
   135 | D        | Slain by an unseen horror

Illustrated notes

Levels and vault maps discovered:
D:        linesprint [early_d, line_temple, items_1, d_10, items_2, lair_1,
          lair_end, items_3, orc_1, orc_end, items_4, d_15, swamp_1, shoals_1,
          snake_1, spider_1, d_20, vaults_1, items_5, swamp_end, shoals_end,
          snake_end, spider_end, vaults_end, d_27, items_6, zot_1, zot_end,
          crypt_end, forest_end, elf_end, slime_end, tomb_end, abyss_end,
          pan_hell_end]

Skill      XL: |  1  2  3  4  5  6 |
---------------+-------------------+-----
Polearms       | 4 6 7 10 12 | 12.3
Fighting       | 4 5 6 8 9 |  9.4
Armour         | 4 5 6 8 9 |  9.4
Shields        | |  3.6

Action                     |  1- 3 |  4- 6 || total
---------------------------+-------+-------++-------
  Melee: Trident           |    19 |     1 ||    20
         Headbutt          |     3 |     4 ||     7
         Halberd           |       |    13 ||    13
    Use: Potion            |     2 |       ||     2
 Armour: Scale mail        |     4 |       ||     4
         Chain mail        |       |     7 ||     7
  Dodge: Dodged            |     2 |     5 ||     7
  Block: Buckler           |     5 |       ||     5
